 Dungeon Crawl Stone Soup version 0.30-a0-137-gd8773701ce (webtiles) character file.

Game seed: 17761724942301918838

93 KennySheep the Cudgeller (level 5, 0/69 HPs)
             Began as a Meteoran Berserker on Sept 21, 2022.
             Was a Believer of Trog.
             Slain by Duvessa
             ... wielding a +0 short sword of freezing
              (5 damage)
             ... on level 4 of the Dungeon.
             The game lasted 00:05:14 (1649 turns).

KennySheep the Cudgeller (Meteoran Berserker)       Turns: 1649, Time: 00:05:15

Health: 0/69       AC:  3    Str: 20    XL:     5   Next: 15%
Magic:  6/6        EV: 13    Int:  9    God:    Trog [**....]
Gold:   102        SH:  0    Dex: 13    Spells: 4/4 levels left

rFire   . . .      SeeInvis .    a - +0 mace
rCold   . . .      Faith    .    (no shield)
rNeg    . . .      Spirit   .    b - +0 animal skin
rPois   .          Reflect  .    i - +0 helmet
rElec   .          Harm     .    (no cloak)
rCorr   .          Rampage  .    (no gloves)
Will    .....                    (no boots)
Stlth   ..........               (no amulet)
HPRegen 0.21/turn                (no ring)
MPRegen 0.10/turn                (no ring)

@: berserking, glowing, very quick
A: sense surroundings 1, otherworldly, glowing, explore regen
a: Renounce Religion, Berserk, Trog's Hand


You were on level 4 of the Dungeon.
You worshipped Trog.
Trog was pleased with you.
You visited 1 branch of the dungeon, and saw 4 of its levels.

You collected 102 gold pieces.

Inventory:

Hand Weapons
 a - a +0 mace (weapon)
 h - a +0 sling
Armour
 b - a +0 animal skin (worn)
 i - a +0 helmet (worn)
Scrolls
 c - 4 scrolls of identify {unknown}
 d - a scroll of poison {unknown}
 e - 2 scrolls of fear {unknown}
 f - 2 scrolls of immolation {unknown}
 k - a scroll of enchant weapon {unknown}
 l - a scroll of teleportation {unknown}
 m - a scroll of noise {unknown}
Potions
 g - a potion of resistance {unknown}
 j - a potion of magic {unknown}
 n - a potion of curing {unknown}


   Skills:
 + Level 3.9 Fighting
 * Level 5.3 Maces & Flails
 + Level 3.3 Armour
 + Level 3.3 Dodging


You had 4 spell levels left.
You didn't know any spells.
Your spell library was empty.

Dungeon Overview and Level Annotations

Branches:
Dungeon (4/15) Zot: 724
 Temple: D:4-7

Altars:
Kikubaaqudgha
Uskayaw

Annotations:
D:4 Duvessa


Innate Abilities, Weirdness & Mutations

You passively map a small area around you.
You are easily found by Zot.
You glow in the dark.
You regain HP and MP as you explore.


Message History

Duvessa hits you with a +0 short sword of freezing.
Duvessa freezes you. Duvessa attacks as you move away!
Duvessa hits you with a +0 short sword of freezing.
Duvessa freezes you. Duvessa attacks as you move away!
Duvessa hits you with a +0 short sword of freezing.
Duvessa freezes you.
A red film seems to cover your vision as you go berserk!
You feel yourself moving faster!
You feel mighty!
Duvessa hits you with a +0 short sword of freezing.
Duvessa freezes you.
You hit Duvessa.
Duvessa is lightly wounded.
Duvessa hits you with a +0 short sword of freezing!
Duvessa freezes you.
* * * LOW HITPOINT WARNING * * *
You sock Duvessa!
Duvessa is moderately wounded.
You hit Duvessa.
Duvessa is moderately wounded.
Duvessa hits you with a +0 short sword of freezing.
* * * LOW HITPOINT WARNING * * *
Duvessa freezes you.
* * * LOW HITPOINT WARNING * * *
You thump Duvessa!
Duvessa is heavily wounded.
Duvessa barely misses you.
You hit Duvessa.
Duvessa is severely wounded.
You closely miss Duvessa.
Duvessa is severely wounded.
Duvessa hits you with a +0 short sword of freezing!
* * * LOW HITPOINT WARNING * * *
Duvessa freezes you.
* * * LOW HITPOINT WARNING * * *
You sock Duvessa!
Duvessa is almost dead.
Duvessa hits you with a +0 short sword of freezing.
You die...

, ,* *#..# , #..# ######..#
* *### ,, , * #.......# *
..# * * * #.####.## **#.# *
*# , * ##.####.## #.# ##.
#.###..<##.#.## ##.# #.. **
#.........###.####(.#####..
#..##...##@#.....)#...†....
*#..........e######...####.#
*##.##...##### #...# ... #.
.....# #...# .... # .###.##
#...#..... . ### #......._.
*< #...#...S. * #...#..... ,


You could see Duvessa.

Vanquished Creatures
  A hound (D:3)
  2 orcs (D:3)
  8 ball pythons
  3 endoplasms
  2 giant cockroaches
  8 goblins
  4 hobgoblins
  2 jackals (D:4)
  9 bats
  5 frilled lizards
  7 kobolds
  8 rats
59 creatures vanquished.

Notes
Turn   | Place    | Note
-------+----------+-------------------------------------------
     0 | D:1      | KennySheep the Meteoran Berserker began the quest for the
                  | Orb.
     0 | D:1      | Reached XP level 1. HP: 19/19 MP: 2/2
    42 | D:1      | Reached XP level 2. HP: 10/26 MP: 3/3
   350 | D:1      | Reached XP level 3. HP: 30/31 MP: 4/4
   490 | D:1      | Glimpsed the power of Zot.
   508 | D:2      | Reached ** piety under Trog
   609 | D:2      | Found a faded altar of an unknown god.
   839 | D:2      | Reached XP level 4. HP: 39/40 MP: 5/5
  1000 | D:3      | Reached skill level 5 in Maces & Flails
  1070 | D:3      | Reached XP level 5. HP: 27/46 MP: 6/6
  1177 | D:3      | Found an ancient bone altar of Kikubaaqudgha.
  1616 | D:4      | Found a hide-covered altar of Uskayaw.
  1618 | D:4      | Noticed Duvessa
  1649 | D:4      | Slain by Duvessa

Illustrated notes

Levels and vault maps discovered:
D:1:      amcnicky_arrival_feature_with_door, layout_loops_cross,
          minmay_split_cup_large
D:2:      layout_rooms, hellmonk_ecumenical_altar_crossroads,
          serial_co_window_serial, co_window_cross_1, co_window_corner_a,
          co_window_paths_b, co_window_corner_a, co_window_paths_b,
          co_window_unsneaky_path_d, co_window_broadway_b, co_window_corner_b,
          co_window_of_opportunity_b, co_window_corner_cb, co_window_broadway_c,
          co_window_unsneaky_path_b, co_window_paths_e, glass_columns_c,
          glass_columns_b, glass_columns_c, glass_columns_c, glass_columns_b
D:3:      minmay_angry_zag, layout_loops_cross, tgw_xom, kiku_gazebo_pond_becter
D:4:      layout_loops_ring, nzn_overflow_gifts_of_might_and_magic,
          old_standard_altar, lemuel_crystal_altar, minmay_close_crescents,
          uniq_blork_the_orc

Skill      XL: |  1  2  3  4 |
---------------+-------------+-----
Armour         | 3 |  3.3
Dodging        | 3 |  3.3
Maces & Flails | 5 |  5.3
Fighting       | |  3.9

Action                   |  1- 3 |  4- 6 || total
-------------------------+-------+-------++-------
Melee: Mace              |    95 |    90 ||   185
Invok: Berserk           |       |     1 ||     1
Armor: Animal skin       |    30 |    24 ||    54
Dodge: Dodged            |    58 |    57 ||   115

Table legend: (Time is in decaauts)
 A = Elapsed time spent in this place.
 B = Non-inter-level travel time spent in this place.
 C = Inter-level travel time spent in this place.
 D = Time resting spent in this place.
 E = Time spent auto-exploring this place.
 F = Levels seen in this place.
 G = Mean time per level.
                   A        B        C        D        E       F      G
               +--------+--------+--------+--------+--------+-----+--------+
         Total |   1674 |   1622 |     52 |    100 |   1121 |   4 |  418.5 |
       Dungeon |   1674 |   1622 |     52 |    100 |   1121 |   4 |  418.5 |
               +--------+--------+--------+--------+--------+-----+--------+

Top non-repeatable levels by time:
     D:3: 709 daAuts
     D:1: 512 daAuts
     D:2: 367 daAuts
     D:4: 85 daAuts
